 Dungeon Crawl Stone Soup version 0.31.0-1-g2c135a0 (webtiles) character file.

Game seed: 8613868472525853471

931 brinewave the Chopper (level 7, -4/52 (61) HPs)
             Began as a Minotaur Fighter on Jan 27, 2024.
             Was a Plaything of Xom.
             Slain by an orc warrior
             ... wielding a +0 battleaxe
              (9 damage)
             ... on level 6 of the Dungeon.
             The game lasted 00:10:53 (4277 turns).

brinewave the Chopper (Minotaur Fighter)            Turns: 4277, Time: 00:10:53

HP:   -4/52 (61)    AC:  9    Str: 23    XL:     7   Next: 86%
MP:   9/9           EV:  6    Int: 10    God:    Xom [......]
Gold: 228           SH: 12    Dex:  9    Spells: 6/6 levels left

rFire   . . .        p - +7 whip of Indomitability {flame, Int+5}
rCold   . . .        i - +0 tower shield
rNeg    . . .        c - +0 chain mail
rPois   .            (helmet restricted)
rElec   .            (no cloak)
rCorr   .            (no gloves)
SInv    .            (no boots)
Will    .....        (no amulet) Stlth
                     (no ring)
HPRegen 0.28/turn    (no ring)
MPRegen 0.11/turn

%: no passive effects
@: mighty, slowed, studying Polearms, heavily drained, very slow
A: horns 2, retaliatory headbutt
a: Renounce Religion


You were on level 6 of the Dungeon.
You worshipped Xom.
You were a very special plaything of Xom.
You visited 1 branch of the dungeon, and saw 6 of its levels.

You collected 228 gold pieces.

Inventory:

Hand Weapons
 a - a +0 war axe
 p - the +7 whip of Indomitability (weapon) {flame, Int+5}
   (You found it on level 2 of the Dungeon)

   Int+5:     It affects your intelligence (+5).
 y - a +2 heavy flail
Missiles
 f - 5 boomerangs
 g - 18 poisoned darts (quivered)
 l - 2 javelins
 w - 26 stones
Armour
 c - a +0 chain mail (worn)
 i - a +0 tower shield (worn)
 r - the +1 robe of Makhleb's Approval {rC+++ Regen+ rCorr Dex-4}
   (You found it on level 3 of the Dungeon)

   Dex-4:     It affects your dexterity (-4).
   rC+++:     It renders you almost immune to cold.
   Regen+:    It increases your rate of health regeneration.
   rCorr:     It protects you from acid and corrosion.
Wands
 x - a wand of iceblast (5)
 C - a wand of mindburst (12)
Scrolls
 b - a scroll of amnesia {unknown}
 e - 2 scrolls of immolation
 m - a scroll of blinking
 o - 4 scrolls of fog
 q - a scroll of butterflies {unknown}
 t - a scroll of enchant armour {unknown}
 v - a scroll of vulnerability {unknown}
 z - a scroll of teleportation {unknown}
Potions
 j - 2 potions of resistance
 k - 2 potions of enlightenment
 n - a potion of ambrosia
 s - 3 potions of mutation
 u - a potion of lignification {unknown}
 A - a potion of heal wounds {unknown}


   Skills:
 + Level 5.5 Fighting
 * Level 6.1 Axes
 + Level 5.4 Armour
 + Level 5.3 Shields
 * Level 4.5 Invocations


You had 6 spell levels left.
You didn't know any spells.
Your spell library contained the following spells:

 Spells                   Type           Power      Damage    Failure   Level
 Frozen Ramparts          Ice            0%         1d1       100%        3
 Leda's Liquefaction      Alch/Erth      0%         N/A       100%        4
 Petrify                  Alch/Erth      0%         N/A       100%        4
 Metabolic Englaciation   Hex/Ice        0%         N/A       100%        5


Dungeon Overview and Level Annotations

Branches:
Dungeon (6/15)
 Temple: D:4-7

Altars:
Hepliaklqana
Qazlal
Ru
Xom


Innate Abilities, Weirdness & Mutations

You have a pair of horns on your head.
You reflexively headbutt those who attack you in melee.


Message History

The ice beast hits you but does no damage.
You whack the ice beast!
You melt the ice beast.
Your headbutt misses the ice beast.
The ice beast is heavily wounded.
You feel sick. You block the ice beast's attack.
The orc warrior barely misses you.
A kobold comes into view. It is wielding a +0 vampiric dagger.
You block the orc's attack.
You feel very mighty all of a sudden.
You feel sick.
You are no longer poisoned.
The orc warrior seems less confused.
You block the ice beast's attack. You block the orc warrior's attack.
The orc barely misses you. You furiously retaliate!
You headbutt the orc!
You kill the orc!
The ice beast hits you. The ice beast freezes you.
* * * LOW HITPOINT WARNING * * *
You whack the ice beast!
You melt the ice beast.
Your headbutt misses the ice beast.
The ice beast is almost dead.
You block the kobold brigand's attack.
The orc warrior hits you with a +0 battleaxe!
* * * LOW HITPOINT WARNING * * *
The ice beast hits you but does no damage.
A kobold comes into view. It is wielding a +0 short sword.
You block the orc warrior's attack. You block the kobold brigand's attack.
A rat zombie comes into view.
You block the ice beast's attack.
You miss the kobold brigand. "Have a taste of chaos, mortal."
The kobold's +0 club erupts in a glittering mayhem of colour.
The kobold hits you but does no damage. x2
The kobold brigand barely misses you. You block the orc warrior's attack.
The ice beast barely misses you. The kobold closely misses you.
You furiously retaliate!
You headbutt the kobold.
You kill the kobold!
A kobold comes into view. It is wielding a +0 dagger.
The orc warrior hits you with a +0 battleaxe!
You die...
Xom roars with laughter!

..,* *********......,**
#.#** #.....#,,* *.Y.*
#.....#*,* ###.#*
#.....##,*
.##..#########..../.#,**
.#*#................#,,*
.#####.....#........##+***
.[.....###...).o)K...+_+,*
..######
#.###.Y@KK..#+*,**** ###
#.# #.####K.....,,,* **#.#
#.# *,.KZ..,,,* **,..# #.#
*,,....,,,* *****,,### #.#
*,,,KK.,,,* *,,,,,** #.#
*,,,,..,,,* *,***** #.#
*,,,,,K,,,* **,* #.#
*,,,,,,,,,* **,,* *,*
**,*,∩,,***


You could see an orc warrior, an ice beast, a kobold brigand, a rat zombie and 4
kobolds.

Vanquished Creatures
  A water moccasin (D:5)
  A phantom (D:6)
  2 scorpions
  A bombardier beetle (D:4)
  An orc priest (D:3)
  4 hounds
  A jelly (D:5)
  2 sleepcaps
  An iguana (D:4)
  An orc wizard (D:4)
  5 adders
  A shadow imp (D:5)
  A white imp (D:5)
  A dart slug (D:4)
  A ribbon worm (D:2)
  12 orcs
  2 ball pythons
  4 endoplasms
  A giant cockroach (D:2)
  3 goblins
  5 hobgoblins
  4 jackals (D:5)
  8 kobolds
  7 quokkas
  2 bats (D:2)
  A frilled lizard (D:1)
  6 rats
79 creatures vanquished.

Vanquished Creatures (collateral kills)
  An ogre (D:5)
  A phantom (D:5)
  An orc wizard (D:4)
  An orc (D:4)
4 creatures vanquished.

Grand Total: 83 creatures vanquished

Notes
Turn   | Place    | Note
-------+----------+-------------------------------------------
     0 | D:1      | brinewave the Minotaur Fighter began the quest for the Orb.
     0 | D:1      | Reached XP level 1. HP: 19/19 MP: 0/0
   825 | D:2      | Reached XP level 2. HP: 27/27 MP: 1/1
   872 | D:2      | Reached skill level 1 in Invocations
  1187 | D:2      | Reached skill level 3 in Axes
  1187 | D:2      | Reached XP level 3. HP: 22/33 MP: 1/3
  1390 | D:2      | Found a faded altar of an unknown god.
  1399 | D:2      | Prayed at the altar of an unknown god.
  1399 | D:2      | Became a worshipper of Xom of Chaos
  1470 | D:2      | Identified the +7 whip of Indomitability {flame, Int+5}
  1591 | D:3      | Identified the +1 robe of Makhleb's Approval {rC+++ Regen+
                  | rCorr Dex-4}
  1608 | D:3      | Reached XP level 4. HP: 35/40 MP: 4/4
  1670 | D:3      | XOM: silly message
  1768 | D:3      | XOM: silly message
  1937 | D:3      | XOM: silly message
  1969 | D:4      | Noticed a scorpion
  1973 | D:4      | Killed a scorpion
  1974 | D:4      | Reached skill level 4 in Axes
  1974 | D:4      | Reached XP level 5. HP: 46/47 MP: 5/5
  2099 | D:4      | XOM: divination: detect creatures
  2177 | D:4      | XOM: cast spell 'Summon Ice Beast'
  2258 | D:4      | Reached XP level 6. HP: 53/53 MP: 7/7
  2317 | D:4      | XOM: cloud trail
  2503 | D:4      | XOM: scenery: 1 doors open
  3001 | D:4      | XOM: god gift: 6 stones
  3107 | D:5      | Entered Level 5 of the Dungeon
  3226 | D:5      | Reached skill level 5 in Axes
  3236 | D:5      | Noticed a water moccasin
  3245 | D:5      | Killed a water moccasin
  3246 | D:5      | Reached skill level 5 in Fighting
  3246 | D:5      | Reached skill level 5 in Armour
  3246 | D:5      | Reached XP level 7. HP: 32/61 MP: 8/8
  3417 | D:5      | XOM: cast spell 'Alistair's Intoxication'
  3427 | D:5      | XOM: confuse monster(s)
  3428 | D:5      | XOM: summons friendly iron imp
  3521 | D:5      | XOM: butterfly on damage
  3533 | D:5      | Reached skill level 5 in Shields
  3897 | D:5      | Found a stormy altar of Qazlal.
  3901 | D:5      | Found a hazy altar of Hepliaklqana.
  3904 | D:5      | Found a sacrificial altar of Ru.
  4220 | D:6      | XOM: fog
  4226 | D:6      | Reached skill level 6 in Axes
  4248 | D:6      | XOM: confuse monster(s)
  4264 | D:6      | XOM: cast spell 'Alistair's Intoxication'
  4270 | D:6      | XOM: draining
  4273 | D:6      | XOM: destruction
  4277 | D:6      | XOM: chaos upgrade
  4277 | D:6      | Slain by an orc warrior

Illustrated notes

Levels and vault maps discovered:
D:1:      lemuel_arrival_funnel, layout_basic, minmay_misc_feat_room
D:2:      layout_basic, basic_ecumenical_altar
D:3:      layout_rooms
D:4:      layout_loops_corners, roderic_serpentine_path
D:5:      layout_basic, minmay_overflow_temple_star_quad
D:6:      layout_rooms, kennysheep_mini, mainiacjoe_overflow_alcove_4,
          enter_ossuary_3, uniq_eustachio

Skill      XL: |  1  2  3  4  5  6  7 |
---------------+----------------------+-----
Invocations    | 1 2 3 4 |  4.5
Fighting       | 4 5 |  5.5
Axes           | 3 4 5 6 |  6.1
Armour         | 4 5 |  5.4
Shields        | 4 5 |  5.3

Action                     |  1- 3 |  4- 6 |  7- 9 || total
---------------------------+-------+-------+-------++-------
  Melee: War axe           |    59 |       |       ||    59
         Headbutt          |     6 |    17 |     2 ||    25
         Whip              |     8 |    90 |    50 ||   148
    Use: Scroll            |     5 |     3 |     2 ||    10
         Potion            |       |       |     2 ||     2
   Stab: Confused          |       |       |     1 ||     1
 Armour: Scale mail        |     4 |       |       ||     4
         Chain mail        |    38 |    65 |    42 ||   145
  Dodge: Dodged            |    11 |     5 |     8 ||    24
  Block: Tower shield      |    32 |    45 |    48 ||   125
